 Dungeon Crawl Stone Soup version 0.29-a0-810-g3812dd5c9c (webtiles) character file.

Game seed: 5665380662067789179

329 Colgate the Cutter (level 6, -4/38 HPs)
             Began as a Kobold Brigand on July 4, 2022.
             Was a Priest of Makhleb.
             Splashed by a jelly's acid (8 damage)
             ... on level 4 of the Dungeon.
             The game lasted 00:10:19 (4366 turns).

Colgate the Cutter (Kobold Brigand)                 Turns: 4366, Time: 00:10:19

Health: -4/38      AC: -4    Str:  8    XL:     6   Next: 80%
Magic:  6/6        EV: 18    Int: 13    God:    Makhleb [***...]
Gold:   143        SH:  0    Dex: 18    Spells: 5/5 levels left

rFire   . . .      SeeInvis .   a - +2 dagger (venom)
rCold   . . .      Faith    .   (no shield)
rNeg    + . .      Spirit   .   i - +0 robe
rPois   .          Reflect  .   l - +0 helmet
rElec   .          Harm     .   c - +0 cloak
rCorr   .          Rampage  .   (no gloves)
Will    .....                   (no boots)
Stlth   ++++......              w - amulet of regeneration
HPRegen 0.92/turn               o - +4 ring of evasion
MPRegen 0.10/turn               v - ring of positive energy

@: corroded
A: small, no large weapons, nightstalker 3
a: Renounce Religion, Minor Destruction, Lesser Servant of Makhleb


You were on level 4 of the Dungeon.
You worshipped Makhleb.
Makhleb was most pleased with you.
You visited 1 branch of the dungeon, and saw 4 of its levels.
You also visited: Sewer.

You collected 143 gold pieces.

Inventory:

Hand Weapons
 a - a +2 dagger of venom (weapon)
 b - a +0 short sword of protection
 n - a +2 dagger
Missiles
 d - 11 poisoned darts
 e - 3 curare-tipped darts
Armour
 c - a +0 cloak (worn)
 i - a +0 robe (worn)
 l - a +0 helmet (worn)
Jewellery
 o - a +4 ring of evasion (left hand)
 v - a ring of positive energy (right hand)
 w - an amulet of regeneration (around neck)
Scrolls
 g - 3 scrolls of teleportation {@r3}
 r - a scroll of identify {unknown}
 u - a scroll of immolation {unknown}
Potions
 f - a potion of might {unknown}
 h - 5 potions of curing {unknown}
 j - 2 potions of resistance {unknown}
 k - a potion of ambrosia {unknown}
 m - 3 potions of haste {unknown}
 p - a potion of brilliance {unknown}
 q - a potion of flight {unknown}
 s - a potion of invisibility {unknown}
 t - 2 potions of heal wounds {unknown}


   Skills:
 - Level 4.0 Fighting
 + Level 7.2 Short Blades
 - Level 2.1 Throwing
 - Level 1.2 Dodging
 - Level 6.1 Stealth


You had 5 spell levels left.
You didn't know any spells.
Your spell library contained the following spells:

 Spells                   Type           Power      Damage    Failure   Level
 Summon Small Mammal      Summ           0%         N/A       30%         1
 Call Canine Familiar     Summ           0%         N/A       67%         3
 Summon Guardian Golem    Hex/Summ       0%         N/A       67%         3


Dungeon Overview and Level Annotations

Branches:
Dungeon (4/15)              Sewer (visited)
 Temple: D:4-7

Altars:
Makhleb


Innate Abilities, Weirdness & Mutations

You are small and have problems with some larger weapons.
You are completely attuned to the shadows.


Message History

You hit the orc.
The orc looks as sick as possible!
You kill the orc!
Makhleb accepts your kill.
Things that are here:
a +1 trident of protection; a +0 chain mail No target in view!
A hobgoblin comes into view.
The helpless hobgoblin fails to defend itself.
You stick the hobgoblin like a pincushion!!!
You kill the hobgoblin!
Makhleb accepts your kill.
No target in view!
Found a whip.
No target in view!
A jelly comes into view.
The jelly quivers.
You hit the jelly.
Your hands burn!
You hit the jelly.
Your hands burn!
The jelly barely misses you.
You hit the jelly. The acid corrodes you!
Your hands burn!
The jelly attacks as you move away! The jelly barely misses you.
The jelly attacks as you move away! The jelly hits you.
You are splashed with acid!
The jelly attacks as you move away! The jelly hits you.
You are splashed with acid.
The jelly attacks as you move away! The jelly closely misses you.
The jelly attacks as you move away! The jelly completely misses you.
The jelly attacks as you move away! The jelly hits you.
You are splashed with acid!
You are no longer corroded.
You hit the jelly.
The jelly is poisoned.
Your hands burn!
The jelly hits you. The acid corrodes you!
You are splashed with acid!
* * * LOW HITPOINT WARNING * * *
The jelly attacks as you move away! The jelly hits you.
* * * LOW HITPOINT WARNING * * *
The acid corrodes you!
You are splashed with acid!
You die...

#......# #......#
#......#######
+......)[...>##
#.......##.##.###
#.......##.#....#
#.......#)..).#.#
####..........#.#
.#######.##..@..#<#
...# #....J######
.####.#######......
..............####.
...#.....######
#..#.###.#
.........#
....)##..# .....# .


You could see a jelly (very poisoned).

Vanquished Creatures
  2 jellies (Sewer)
  2 orc wizards
  Robin (D:3)
  5 adders
  A gnoll (D:1)
  3 river rats
  4 worms
  A dart slug (D:2)
  9 orcs
  7 ball pythons
  5 bats
  15 endoplasms
  5 giant cockroaches
  11 goblins
  6 hobgoblins
  6 kobolds
  2 quokkas
  5 frilled lizards
  11 rats
101 creatures vanquished.

Notes
Turn   | Place    | Note
-------+----------+-------------------------------------------
     0 | D:1      | Colgate the Kobold Brigand began the quest for the Orb.
     0 | D:1      | Reached XP level 1. HP: 12/12 MP: 1/1
   142 | D:1      | Reached skill level 3 in Short Blades
   180 | D:1      | Reached skill level 4 in Short Blades
   180 | D:1      | Reached XP level 2. HP: 7/17 MP: 2/2
   999 | D:2      | Reached XP level 3. HP: 21/21 MP: 3/3
  1259 | D:2      | Reached XP level 4. HP: 19/27 MP: 4/4
  1277 | D:2      | Found a faded altar of an unknown god.
  1290 | D:2      | Prayed at the altar of an unknown god.
  1290 | D:2      | Became a worshipper of Makhleb the Destroyer
  1290 | D:2      | Reached * piety under Makhleb
  2300 | D:3      | Found a burning altar of Makhleb.
  2369 | D:3      | Noticed Robin
  2376 | D:3      | Killed Robin
  2377 | D:3      | Reached XP level 5. HP: 24/33 MP: 5/5
  2537 | D:3      | Found a glowing drain.
  2545 | Sewer    | Entered a sewer
  2664 | Sewer    | Reached ** piety under Makhleb
  2726 | Sewer    | Reached skill level 5 in Short Blades
  2957 | Sewer    | Reached XP level 6. HP: 11/38 MP: 6/6
  3207 | Sewer    | Found a viscous altar of Jiyva.
  3215 | Sewer    | Reached skill level 6 in Short Blades
  3774 | D:3      | Reached *** piety under Makhleb
  4283 | D:4      | Reached skill level 7 in Short Blades
  4366 | D:4      | Splashed by a jelly's acid

Illustrated notes

Levels and vault maps discovered:
D:1:      giann_bridges, layout_loops_ring, minmay_cupped
D:2:      layout_rooms, chequers_ecumenical_altar_island
D:3:      layout_loops_ring, bloody_makhleb, cheibrodos_sewer_entry_sluice,
          serial_co_window_serial, co_window_corner_a, co_window_corner_a,
          co_window_paths_a, co_window_paths_a, co_window_corner_a,
          co_window_cross_3, co_window_2corner, co_window_unsneaky_path_e,
          co_window_cross_3, co_window_4corner_a, co_window_paths_e,
          glass_columns_a, glass_columns_a, glass_columns_c, glass_columns_a,
          uniq_robin
D:4:      layout_basic, lemuel_crystal_altar, gammafunk_temple_overflow_pools,
          minmay_temple_entry_ruins

Skill      XL: |  1  2  3  4  5  6 |
---------------+-------------------+-----
Short Blades   | 4 5 7 |  7.2
Stealth        | 6 |  6.1
Fighting       | 4 |  4.0
Throwing       | |  2.1
Dodging        | |  1.2

Action                   |  1- 3 |  4- 6 || total
-------------------------+-------+-------++-------
Melee: Dagger            |    35 |   182 ||   217
       Short sword       |    19 |    12 ||    31
       Punch             |       |     5 ||     5
Invok: Minor Destruction |       |     2 ||     2
  Use: Scroll            |       |     3 ||     3
 Stab: Sleeping          |     6 |    40 ||    46
Armor: Robe              |    11 |    24 ||    35
Dodge: Dodged            |    24 |    78 ||   102

Table legend: (Time is in decaauts)
 A = Elapsed time spent in this place.
 B = Non-inter-level travel time spent in this place.
 C = Inter-level travel time spent in this place.
 D = Time resting spent in this place.
 E = Time spent auto-exploring this place.
 F = Levels seen in this place.
 G = Mean time per level.
                   A        B        C        D        E       F      G
               +--------+--------+--------+--------+--------+-----+--------+
         Total |   4344 |   4246 |     98 |      0 |   3565 |   5 |  868.8 |
       Dungeon |   3517 |   3419 |     98 |      0 |   2930 |   4 |  879.2 |
         Sewer |    826 |    826 |      0 |      0 |    635 |   1 |  826.0 |
               +--------+--------+--------+--------+--------+-----+--------+

Top non-repeatable levels by time:
     D:3: 1500 daAuts
     D:1: 966 daAuts
     D:2: 950 daAuts
   Sewer: 826 daAuts
     D:4: 100 daAuts
